 Dungeon Crawl Stone Soup version 0.32-a0-818-gb728d0252e (webtiles) character file.

Game seed: 15758796207885753655

83594 jasper the Severer (level 15, 0/136 (143) HPs)
             Began as a Mountain Dwarf Fighter on Mar 23, 2024.
             Was the Champion of Okawaru.
             Slain by a red devil
             ... wielding a +2 demon trident of draining
             ... summoned by an orc high priest
              (2 damage)
             ... on level 2 of the Orcish Mines.
             The game lasted 00:34:24 (24050 turns).

jasper the Severer (Mountain Dwarf Fighter)        Turns: 24050, Time: 00:34:25

HP:   0/136 (143)   AC: 25    Str: 28    XL:     15   Next: 32%
MP:   14/21         EV:  6    Int:  9    God:    Okawaru [******]
Gold: 5             SH: 15    Dex: 16    Spells: 11/14 levels left

rFire   . . .        d - +4 broad axe of Circularity {flame, rElec Str+2 Int+2}
rCold   + . .        H - +2 kite shield {AC+3}
rNeg    . . .        R - +0 plate armour
rPois   +            V - +2 hat
rElec   +            f - scarf of Xugasue {repulsion, Regen+ Dex+2}
rCorr   .            l - +0 pair of gloves
SInv    .            h - +1 pair of boots {Stlth+}
Will    +....        T - amulet of Aluennag {rElec Regen+ Int-2 Dex+5} Stlth
                     v - ring of protection from cold
HPRegen 2.02/turn    i - ring of poison resistance
MPRegen 0.17/turn

%: repel missiles
@: finesse-ful, spiked, studying Summonings, lightly drained
A: runic magic, artefact enchanting
a: Renounce Religion, Heroism, Finesse, Duel


You were on level 2 of the Orcish Mines.
You worshipped Okawaru.
Okawaru was exalted by your worship.
You visited 4 branches of the dungeon, and saw 23 of its levels.
You also visited: Sewer and Volcano.

You collected 2792 gold pieces.
You spent 2787 gold pieces at shops.

Inventory:

Hand Weapons
 d - the +4 broad axe of Circularity (weapon) {flame, rElec Str+2 Int+2}
   (You found it on level 5 of the Lair of Beasts)

   Str+2:     It affects your strength (+2).
   Int+2:     It affects your intelligence (+2).
   rElec:     It insulates you from electricity.
 L - a +7 broad axe of venom
 P - a +1 broad axe of venom
Missiles
 a - 6 silver javelins
 c - 10 javelins
 e - 20 boomerangs (quivered)
 S - 2 throwing nets
Armour
 f - the scarf of Xugasue (worn) {repulsion, Regen+ Dex+2}
   (Okawaru gifted it to you on level 5 of the Lair of Beasts)

   Dex+2:     It affects your dexterity (+2).
   Regen+:    It increases your rate of health regeneration.
 h - a +1 pair of boots of stealth (worn)
 l - a +0 pair of gloves (worn)
 H - a +2 kite shield of protection (worn)
 K - a +0 tower shield
 R - a +0 plate armour (worn)
 V - a +2 hat (worn)
Jewellery
 i - a ring of poison resistance (right hand)
 m - an amulet of reflection
 r - a ring of willpower
 v - a ring of protection from cold (left hand)
 T - the amulet of Aluennag (around neck) {rElec Regen+ Int-2 Dex+5}
   (You acquired it on level 15 of the Dungeon)

   [amulet of regeneration]

   Int-2:     It affects your intelligence (-2).
   Dex+5:     It affects your dexterity (+5).
   rElec:     It insulates you from electricity.
   Regen+:    It increases your rate of health regeneration.
 W - a ring of willpower
 Z - a ring of resist corrosion
Wands
 j - a wand of digging (3)
 n - a wand of mindburst (7)
 q - a wand of flame (9)
 s - a wand of roots (16)
 w - a wand of paralysis (19)
 E - a wand of acid (1)
 N - a wand of polymorph (7)
Scrolls
 b - 4 scrolls of fear
 g - 3 scrolls of enchant armour
 k - 5 scrolls of poison
 t - 2 scrolls of immolation
 y - 11 scrolls of fog
 z - 6 scrolls of teleportation
 G - 2 scrolls of revelation
 I - 5 scrolls of blinking
 O - a scroll of noise
 Q - 2 scrolls of silence
Potions
 o - 4 potions of invisibility
 p - 4 potions of cancellation
 u - 6 potions of attraction
 x - a potion of magic
 A - 4 potions of lignification
 B - 2 potions of might
 C - 5 potions of mutation
 D - 4 potions of ambrosia
 F - 3 potions of haste
 J - 10 potions of curing
 M - 3 potions of heal wounds
 X - a potion of enlightenment
Miscellaneous
 Y - a phial of floods


   Skills:
 * Level 15.9 Fighting
 - Level 18.0 Axes
 - Level 3.0 Throwing
 + Level 13.7 Armour
 + Level 13.7 Shields
 - Level 8.0 Invocations


You had 11 spell levels left.
You knew the following spells:

 Your Spells              Type           Power      Damage    Failure   Level
a - Swiftness             Air            0%         N/A       95%         3

Your spell library contained the following spells:

 Spells                   Type           Power      Damage    Failure   Level
 Freeze                   Ice            0%         1d3       67%         1
 Kiss of Death            Conj/Necr      0%         2d5       67%         1
 Magic Dart               Conj           0%         1d3       67%         1
 Shock                    Conj/Air       0%         1d3       67%         1
 Blink                    Tloc           0%         N/A       80%         2
 Cigotuvi's Dreadful Rot  Necr/Alch/Air  0%         N/A       80%         2
 Ensorcelled Hibernation  Hex/Ice        0%         N/A       80%         2
 Confusing Touch          Hex            0%         N/A       95%         3
 Frozen Ramparts          Ice            0%         1d1       95%         3
 Fugue of the Fallen      Necr           0%         N/A       95%         3
 Gell's Gravitas          Tloc           0%         N/A       95%         3
 Hailstorm                Conj/Ice       0%         3d5       95%         3
 Ozocubu's Armour         Ice            0%         N/A       95%         3
 Passwall                 Erth           0%         N/A       95%         3
 Teleport Other           Tloc           0%         N/A       95%         3
 Airstrike                Air            0%         2d(0-16)  100%        4
 Dimensional Bullseye     Hex/Tloc       0%         N/A       100%        4
 Dispel Undead            Necr           0%         3d6       100%        4
 Ignite Poison            Fire/Alch      0%         N/A       100%        4
 Iskenderun's Mystic Bla  Conj/Tloc      0%         2d3       100%        4
 Manifold Assault         Tloc           0%         N/A       100%        4
 Vhi's Electric Charge    Tloc/Air       0%         N/A       100%        4
 Arcjolt                  Conj/Air       0%         1d10      100%        5
 Freezing Cloud           Conj/Ice/Air   0%         6-21      100%        5
 Dispersal                Tloc           0%         N/A       100%        6
 Plasma Beam              Fire/Air       0%         2x1d10    100%        6
 Call Imp                 Summ           Unusable   N/A       N/A         2
 Tukima's Dance           Hex            Unusable   N/A       N/A         3

Dungeon Overview and Level Annotations

Branches:
Dungeon (15/15)            Temple (1/1) D:5            Lair (5/5) D:11
  Swamp (0/4) Lair:3       Spider (0/4) Lair:3        Slime (0/5) Lair:4
    Orc (2/2) D:12            Elf (0/3) Orc:2        Vaults (0/5) D:14
 Depths (0/4) D:15          Sewer (visited)         Volcano (visited)

Altars:
Ashenzari
Cheibriados
Dithmenos
Elyvilon
Fedhas
Gozag
Hepliaklqana
Kikubaaqudgha
Makhleb
Nemelex Xobeh
Okawaru
Qazlal
Ru
Sif Muna
Trog
Uskayaw
Vehumet
Wu Jian
Xom
Yredelemnul
Zin
The Shining One
Beogh
Jiyva

Shops:
D:2 =   D:7 :   D:8 [   D:9 *   D:11 [   D:13 **   Orc:2 :??

Portals:
Trove: D:11 (show slimy rune of Zot)

Annotations:
D:4 2 transporters, Orlauf's ghost, amateur DsGl
D:11 exclusion: oklob sapling
D:12 2 transporters
Lair:1 exclusion: oklob plant
Lair:2 1 runed translucent door, inkslinger's ghost, journeyman TeCj


Innate Abilities, Weirdness & Mutations

Your spellcasting is much less encumbered by armour.
You can use scrolls of enchantment on lesser artefacts.


Message History

The red devil hits you from afar with a +2 demon trident of draining.
Barbed spikes become lodged in your body.
You feel drained. The sun demon hits you.
You are engulfed in flames!
You take 26 damage, and have 57/140 hp.
You barely miss the orc knight.
The orc knight is almost dead.
You hit the sun demon but do no damage. You block the red devil's attack.
You block the sun demon's attack.
You slice the orc knight!! You burn the orc knight.
You kill the orc knight!
Okawaru accepts your kill.
You closely miss the orc warrior. You hit the sun demon but do no damage.
The orc high priest no longer looks unusually strong.
The orc warrior hits you with a +0 battleaxe!
The sun demon hits you.
You are engulfed in flames!
* * * LOW HITPOINT WARNING * * *
You take 20 damage, and have 38/141 hp.
You hit the orc high priest. You burn the orc high priest.
The orc high priest is lightly wounded.
You hit the orc warrior. You burn the orc warrior.
You barely miss the sun demon.
The red devil hits you from afar with a +2 demon trident of draining!
* * * LOW HITPOINT WARNING * * *
More barbed spikes become lodged in your body.
You feel drained.
* * * LOW HITPOINT WARNING * * *
You block the orange demon's attack. You block the sun demon's attack.
You take 10 damage, and have 28/138 hp.
You can now deal lightning-fast blows.
You block the orc warrior's attack.
The orc high priest mumbles some strange prayers to Beogh against you.
Beogh smites you!
* * * LOW HITPOINT WARNING * * *
The orange demon stings you from afar!
* * * LOW HITPOINT WARNING * * *
The red devil hits you from afar with a +2 demon trident of draining.
* * * LOW HITPOINT WARNING * * *
More barbed spikes become lodged in your body.
You feel drained.
You die...

#..#.#.#.# #..#...# #
#......... ##....... .##
#......#.# #...#...# ..#
#.........
#...........###......#..
....#..o#....##......##(
.....4.4.....##.......#.
....#oo3#....##...<...#.
......o@.....##.........
....#...#....##.........
#.....)))...###.........
#...#..)#...# #.........
##....)))..## #.........
#..#.))#..# #.........
##...))).## #.........
###.))#######..#......
#...).....##.........


You could see an orc high priest, a sun demon (summoned), an orange demon
(summoned), a red devil (summoned), 2 orc warriors and an orc (strong).

Vanquished Creatures
  Kirke (D:13)
  A dire elephant (D:15)
  Josephine (Lair:4)
  8 hydras
  2 centaur warriors (D:14)
  6 boulder beetles
  2 hell hogs
  An orc high priest (Orc:2)
  2 two-headed ogres
  An occultist (D:13)
  A skyshark (Lair:3)
  3 skeletal warriors (D:15)
  A shadow wraith (D:14)
  A swamp dragon (Lair:3)
  6 slime creatures (D:15)
  A deep troll (D:14)
  An obsidian statue (D:15)
  An arcanist (D:14)
  3 lindwurms
  2 deep elf pyromancers
  6 orc knights
  An oklob plant (D:11)
  2 orc sorcerers
  2 manticores
  13 ugly things
  3 cyclopes
  A meliai (shapeshifter) (D:15)
  A moth of wrath (Lair:4)
  18 elephants
  Joseph (D:10)
  2 kobold blastminers (Orc:1)
  2 black mambas
  A gargoyle (D:11)
  A torpor snail (Lair:4)
  13 cane toads
  An efreet (D:14)
  2 rime drakes
  A kobold demonologist (D:10)
  4 komodo dragons
  12 polar bears
  4 raiju (Lair:5)
  5 hornets
  6 trolls
  A tyrant leech (D:10)
  A raiju (shapeshifter) (D:13)
  A dream sheep (Lair:5)
  23 blink frogs
  2 culicivoras (Lair:3)
  3 shadows
  2 wyverns
  4 vampires
  28 yaks
  A spriggan (shapeshifter) (D:14)
  An unseen horror simulacrum (D:8)
  5 wraiths
  6 fire bats (Volcano)
  5 wargs
  3 hogs (D:13)
  9 vampire mosquitoes
  5 basilisks
  4 steam dragons
  3 swamp worms (Lair:4)
  Menkaure (D:7)
  A harpy simulacrum (D:15)
  An acid dragon (D:14)
  15 hell hounds
  12 water moccasins
  18 orc warriors
  12 black bears
  4 ice beasts
  4 laughing skulls
  A crocodile (Sewer)
  An ogre (shapeshifter) (D:14)
  24 wolves
  6 ogres
  5 centaurs
  3 phantoms
  A kobold brigand (D:10)
  9 bullfrogs
  4 gnoll sergeants
  4 scorpions
  5 killer bees (D:9)
  2 howler monkeys
  A bombardier beetle (D:4)
  2 electric eels (D:8)
  4 hounds
  2 jellies (Lair:4)
  27 orc priests
  2 gnoll boudas
  2 sleepcaps
  3 iguanas
  23 orc wizards
  2 centaur simulacra (D:8)
  23 gnolls
  10 adders
  6 ufetubi
  2 dart slugs
  2 ribbon worms
  108 orcs
  2 bats (D:2)
  8 endoplasms
  2 giant cockroaches
  5 goblins
  5 hobgoblins
  9 jackals
  8 kobolds
  5 quokkas
  11 ball pythons
  2 frilled lizards (D:1)
  2 rats
665 creatures vanquished.

Notes
Turn   | Place    | Note
-------+----------+-------------------------------------------
     0 | D:1      | jasper the Mountain Dwarf Fighter began the quest for the
                  | Orb.
     0 | D:1      | Reached XP level 1. HP: 19/19 MP: 1/1
   165 | D:1      | Reached skill level 3 in Axes
   193 | D:1      | Reached XP level 2. HP: 25/26 MP: 2/2
   428 | D:1      | Reached skill level 4 in Axes
   930 | D:2      | Reached XP level 3. HP: 30/31 MP: 3/3
   969 | D:2      | Found Muzotuy's Jewellery Shop.
  1125 | D:2      | Found a basalt altar of Yredelemnul.
  1339 | D:3      | Reached skill level 5 in Axes
  1518 | D:3      | Reached XP level 4. HP: 21/38 MP: 4/4
  1656 | D:3      | Noticed a scorpion
  1671 | D:3      | Killed a scorpion
  1672 | D:3      | Reached skill level 6 in Axes
  1672 | D:3      | Reached XP level 5. HP: 23/45 MP: 5/5
  2289 | D:4      | Found a glowing drain.
  2307 | D:4      | Reached skill level 7 in Axes
  2430 | Sewer    | Entered a sewer
  2490 | Sewer    | Noticed a crocodile
  2513 | Sewer    | Killed a crocodile
  2514 | Sewer    | Reached XP level 6. HP: 30/51 MP: 6/6
  2755 | D:4      | Reached skill level 8 in Axes
  2783 | D:4      | Found a transporter.
  2786 | D:4      | Noticed Orlauf's ghost (amateur DsGl)
  2787 | D:4      | Found a transporter.
  3292 | D:4      | Reached skill level 9 in Axes
  3541 | D:4      | Reached XP level 7. HP: 53/57 MP: 7/7
  3699 | D:5      | Entered Level 5 of the Dungeon
  3794 | D:5      | HP: 2/58 [orc priest/divine providence (10)]
  4022 | D:5      | Reached skill level 10 in Axes
  4122 | D:2      | Bought a ring of poison resistance for 280 gold pieces
  4402 | D:5      | Found a staircase to the Ecumenical Temple.
  4455 | Temple   | Entered the Ecumenical Temple
  4461 | Temple   | Became a worshipper of Warmaster Okawaru
  4546 | D:5      | Found a snail-covered altar of Cheibriados.
  4798 | D:6      | Reached XP level 8. HP: 50/66 MP: 8/8
  5585 | D:6      | Reached * piety under Okawaru
  5737 | D:6      | Reached skill level 5 in Fighting
  5737 | D:6      | Reached skill level 11 in Axes
  5737 | D:6      | Reached skill level 5 in Armour
  5737 | D:6      | Reached skill level 5 in Shields
  6109 | D:6      | Learned a level 3 spell: Swiftness
  6424 | D:7      | Noticed Menkaure
  6429 | D:7      | Killed Menkaure
  6430 | D:7      | Reached XP level 9. HP: 33/74 MP: 9/9
  6733 | D:7      | Reached ** piety under Okawaru
  6770 | D:7      | Found Feusuen's Book Shop.
  6811 | D:7      | Reached skill level 12 in Axes
  7733 | D:8      | Found Bakaq's Armour Boutique.
  8180 | D:8      | Reached *** piety under Okawaru
  8186 | D:8      | Reached skill level 13 in Axes
  8580 | D:9      | Reached XP level 10. HP: 82/84 MP: 10/10
  9179 | D:9      | Found Qiuptune's General Store.
  9337 | D:9      | Reached **** piety under Okawaru
  9506 | D:9      | Reached skill level 1 in Invocations
  9728 | D:10     | Entered Level 10 of the Dungeon
  9993 | D:10     | Reached skill level 5 in Invocations
 10113 | D:10     | Noticed an orange demon
 10128 | D:10     | Reached ***** piety under Okawaru
 10335 | D:10     | Noticed Joseph
 10358 | D:10     | Killed Joseph
 10671 | D:8      | Bought a +2 kite shield of protection for 279 gold pieces
 10887 | D:10     | Reached skill level 1 in Throwing
 10889 | D:10     | Received a gift from Okawaru
 11080 | D:10     | Found the +8 Vampire's Tooth {megavamp}
 11099 | D:10     | Reached XP level 11. HP: 74/92 MP: 10/17
 11466 | D:11     | Noticed a boulder beetle
 11489 | D:11     | Noticed a boulder beetle
 11519 | D:11     | Killed a boulder beetle
 11535 | D:11     | Killed a boulder beetle
 11536 | D:11     | Reached skill level 14 in Axes
 11536 | D:11     | Noticed a two-headed ogre
 11543 | D:11     | Killed a two-headed ogre
 11691 | D:11     | Noticed an oklob plant
 11697 | D:11     | Found a staircase to the Lair.
 11713 | D:11     | Found a portal to a secret trove of treasure.
 12107 | D:11     | Found Yguam's Armour Boutique.
 12331 | D:11     | Killed an oklob plant
 12550 | Lair:1   | Entered Level 1 of the Lair of Beasts
 12591 | Lair:1   | Noticed an oklob plant
 13030 | Lair:1   | Reached skill level 15 in Axes
 13144 | Lair:1   | Received a gift from Okawaru
 13801 | Lair:2   | Reached XP level 12. HP: 18/103 MP: 10/18
 14129 | Lair:2   | Found a runed translucent door.
 14129 | Lair:2   | Noticed inkslinger's ghost (journeyman TeCj)
 14218 | Lair:2   | Found a dark tunnel.
 14235 | Lair:2   | Reached skill level 16 in Axes
 14285 | Volcano  | Entered a volcano
 14422 | Volcano  | Noticed a hell hog
 14431 | Volcano  | Received a gift from Okawaru
 14443 | Volcano  | Killed a hell hog
 15308 | Lair:2   | Reached skill level 10 in Shields
 15312 | Lair:2   | Reached skill level 10 in Fighting
 15324 | Lair:2   | Reached skill level 10 in Armour
 15344 | Lair:2   | Received a gift from Okawaru
 15941 | Lair:3   | Found a stormy altar of Qazlal.
 16100 | Lair:3   | Reached skill level 17 in Axes
 16302 | Lair:3   | Reached XP level 13. HP: 73/114 MP: 19/19
 16308 | Lair:3   | Found a staircase to the Swamp.
 16710 | Lair:3   | Found a hole to the Spider Nest.
 17602 | Lair:4   | Received a gift from Okawaru
 17667 | Lair:4   | Found a staircase to the Slime Pits.
 17670 | Lair:4   | Found a viscous altar of Jiyva.
 18155 | Lair:5   | Entered Level 5 of the Lair of Beasts
 18160 | Lair:5   | Noticed Josephine
 18566 | Lair:4   | Killed Josephine
 18618 | Lair:4   | Reached skill level 18 in Axes
 18624 | Lair:4   | Received a gift from Okawaru
 19382 | Lair:5   | Reached ****** piety under Okawaru
 19385 | Lair:5   | Received a gift from Okawaru
 19404 | Lair:5   | Acquired a +3 broad axe of venom
 19404 | Lair:5   | Received a gift from Okawaru
 19406 | Lair:5   | Acquired the scarf of Xugasue {repulsion, Regen+ Dex+2}
 19406 | Lair:5   | Received a gift from Okawaru
 19576 | Lair:5   | Reached XP level 14. HP: 126/127 MP: 20/20
 19844 | Lair:5   | Identified the +4 broad axe of Circularity {flame, rElec
                  | Str+2 Int+2}
 20182 | Lair:5   | Received a gift from Okawaru
 20497 | D:12     | Found a staircase to the Orcish Mines.
 20769 | D:12     | Found a transporter.
 20784 | D:12     | Found a transporter.
 21196 | D:13     | Found Geku's Assorted Antiques.
 21207 | D:13     | Found Umiqien's General Store.
 21211 | D:13     | Bought an emerald potion for 29 gold pieces
 21211 | D:13     | Bought a potion of cancellation for 264 gold pieces
 21215 | D:13     | Bought a potion of heal wounds for 65 gold pieces
 21215 | D:13     | Bought a scroll of enchant weapon for 97 gold pieces
 21215 | D:13     | Bought a potion of curing for 39 gold pieces
 21215 | D:13     | Bought a scroll of fog for 52 gold pieces
 21393 | D:13     | Noticed Kirke
 21413 | D:13     | Killed Kirke
 21854 | D:14     | Received a gift from Okawaru
 21867 | D:14     | Found a gate to the Vaults.
 21913 | D:14     | Found a white marble altar of Elyvilon.
 22436 | D:15     | Entered Level 15 of the Dungeon
 22469 | D:15     | Received a gift from Okawaru
 22608 | D:15     | Reached skill level 15 in Fighting
 22616 | D:15     | Found a staircase to the Depths.
 22672 | D:15     | Reached XP level 15. HP: 134/141 MP: 21/21
 22981 | D:15     | Identified a scroll of acquirement
 22982 | D:15     | Acquired the amulet of Aluennag {rElec Regen+ Int-2 Dex+5}
 23412 | Orc:1    | Entered Level 1 of the Orcish Mines
 23499 | Orc:2    | Entered Level 2 of the Orcish Mines
 23501 | Orc:2    | Found Ageudar's Book Shop.
 23711 | Orc:2    | Found a roughly hewn altar of Beogh.
 23734 | Orc:2    | Found Qeecan's Magic Scroll Emporium.
 23752 | Orc:2    | Bought a scroll of acquirement for 572 gold pieces
 23752 | Orc:2    | Acquired 787 gold pieces
 23772 | Orc:2    | Received a gift from Okawaru
 23816 | Orc:2    | Found Lenov's Magic Scroll Boutique.
 23836 | Orc:2    | Bought a scroll of blinking for 120 gold pieces
 23836 | Orc:2    | Bought a scroll of blinking for 120 gold pieces
 23836 | Orc:2    | Bought a scroll of fear for 64 gold pieces
 23836 | Orc:2    | Bought a scroll of fear for 64 gold pieces
 23836 | Orc:2    | Bought a scroll of enchant weapon for 120 gold pieces
 23836 | Orc:2    | Bought a scroll of enchant armour for 120 gold pieces
 23836 | Orc:2    | Bought a scroll of silence for 152 gold pieces
 23836 | Orc:2    | Bought a scroll of fog for 64 gold pieces
 23873 | Orc:2    | Bought a scroll of fog for 44 gold pieces
 23873 | Orc:2    | Bought a scroll of teleportation for 33 gold pieces
 23873 | Orc:2    | Bought 2 scrolls of enchant weapon for 165 gold pieces
 23873 | Orc:2    | Bought a scroll of fog for 44 gold pieces
 23981 | Orc:2    | Found a staircase to the Elven Halls.
 24050 | Orc:2    | HP: 2/138 [red devil/+2 demon trident of draining[an orc
                  | high priest] (5)]
 24050 | Orc:2    | Slain by a red devil

Illustrated notes

Levels and vault maps discovered:
D:1:      dpeg_arrival_line_fractal, layout_basic
D:2:      layout_rooms, basic_altar, serial_shops, shop_fountains
D:3:      layout_basic, serial_forest, infiniplex_forest_clump_diagonal,
          infiniplex_forest_clump_small, infiniplex_forest_lined_corner,
          infiniplex_forest_end_2, infiniplex_forest_straight_3,
          infiniplex_forest_clump_tiny, infiniplex_forest_clump_long,
          grunt_decor_junction
D:4:      minmay_general_purpose_star, layout_loops_ring,
          gammafunk_ghost_mausoleum, cheibrodos_sewer_entry_drain
D:5:      layout_rooms, slow_altar_1, minmay_temple_entry_statues_pillars,
          lightli_minifort
D:6:      layout_layer_cave
D:7:      layout_loops_ring, serial_shops, shop_statue, uniq_menkaure
D:8:      layout_gridville, serial_ice, serial_ice_m, serial_ice_e,
          serial_ice_o, serial_ice_j, serial_shops, nicolae_shop_waterfront
D:9:      layout_basic, serial_shops, shop, solitary_fountain
D:10:     layout_cave_pods, minmay_guarded_unrand_vampires_tooth, uniq_joseph
D:11:     layout_basic, dpeg_oklobed_lair, nicolae_trove_entry_crystal,
          serial_shops, shop, introduction_to_nature_2
D:12:     gammafunk_the_bubble [the_bubble_gammafunk_grid], layout_basic,
          erik_orc_3, serial_curves, eino_curves_02, eino_curves_01
D:13:     layout_long_grid, nicolae_wooded_promenade, uniq_kirke
D:14:     layout_gridville, david_vaults_4, elyvilon_altar_3
D:15:     hangedman_depths_entry_try_elsewhere_first, layout_irregular_city,
          dreamdust_princess_bridge, minivault_16
Temple:   nicolae_temple_bog_church
Lair:1:   layout_hall_layers, beast_lair_carwin_3, grunt_megastairs_5
Lair:2:   layout_regular_city, nicolae_volcano_entry_vermiform,
          gammafunk_ghost_grave, beast_lair_carwin_2
Lair:3:   layout_hall_layers, mainiacjoe_swamp_entry_lozenge_pond,
          hellmonk_spider_entry_life_and_decay, basic_altar
Lair:4:   layout_small_grid, nicolae_slime_entry_slimehenge, worms_lemuel
Lair:5:   hangedman_lair_caniforms_friends, layout_hall_layers,
          portal_ice_cave_entry_pillars_1, hibernation_bobbens, uniq_josephine
Orc:1:    layout_diamond_mine, basic_altar, serial_shops, nicolae_square_shop
Orc:2:    st_orc_pillars, layout_caves, serial_shops,
          nicolae_shop_tiny_waterfront, shop, nicolae_shop_rolled_up,
          nicolae_book_shop_shelving, basic_altar

Skill      XL: |  1  2  3  4  5  6  7  8  9 10 11 12 13 14 |
---------------+-------------------------------------------+-----
Axes           | 3 4 5 6 7 9 10 11 13 15 17 18 | 18.0
Fighting       | 4 5 6 7 8 10 12 15 | 15.9
Armour         | 4 5 6 7 8 10 11 13 | 13.7
Shields        | 4 5 6 7 9 10 11 13 | 13.7
Invocations    | 8 |  8.0
Throwing       | 3 |  3.0

Action                     |  1- 3 |  4- 6 |  7- 9 | 10-12 | 13-15 || total
---------------------------+-------+-------+-------+-------+-------++-------
  Melee: War axe           |    82 |   239 |   244 |       |       ||   565
         Broad axe         |       |       |   111 |   772 |   946 ||  1829
         Morningstar       |       |       |       |       |    32 ||    32
  Throw: Stone             |       |       |     1 |     1 |       ||     2
         Boomerang         |       |       |       |     3 |    10 ||    13
 Invoke: Finesse           |       |       |       |     4 |     3 ||     7
         Heroism           |       |       |       |     3 |     2 ||     5
         Receive Weapon    |       |       |       |       |     1 ||     1
         Receive Armour    |       |       |       |       |     1 ||     1
  Evoke: Wand              |       |       |     5 |     7 |       ||    12
    Use: Scroll            |     7 |     5 |     7 |     5 |    13 ||    37
         Potion            |       |     3 |     4 |     2 |       ||     9
 Armour: Scale mail        |    51 |    98 |   111 |    15 |       ||   275
         Chain mail        |       |       |   126 |       |       ||   126
         Plate armour      |       |       |    21 |   504 |   614 ||  1139
  Dodge: Dodged            |    36 |    40 |   110 |   123 |   138 ||   447
         Repelled          |       |       |       |       |    13 ||    13
  Block: Buckler           |    25 |    88 |   179 |    97 |       ||   389
         Reflection        |       |     1 |     5 |     4 |     5 ||    15
         Kite shield       |       |       |       |   557 |   905 ||  1462

Table legend: (Time is in decaauts)
 A = Elapsed time spent in this place.
 B = Non-inter-level travel time spent in this place.
 C = Inter-level travel time spent in this place.
 D = Time resting spent in this place.
 E = Time spent auto-exploring this place.
 F = Levels seen in this place.
 G = Mean time per level.
                   A        B        C        D        E       F      G
               +--------+--------+--------+--------+--------+-----+--------+
         Total |  23814 |  22618 |   1196 |   1749 |  15857 |  25 |  952.6 |
       Dungeon |  15356 |  14453 |    903 |   1018 |  10319 |  15 | 1023.7 |
        Temple |     12 |      7 |      5 |      0 |      0 |   1 |   12.0 |
          Lair |   7052 |   6814 |    238 |    731 |   4599 |   5 | 1410.4 |
  Orcish Mines |    606 |    557 |     49 |      0 |    365 |   2 |  303.0 |
         Sewer |    267 |    267 |      0 |      0 |    193 |   1 |  267.0 |
       Volcano |    518 |    518 |      0 |      0 |    380 |   1 |  518.0 |
               +--------+--------+--------+--------+--------+-----+--------+

Top non-repeatable levels by time:
     D:6: 1662 daAuts
    D:10: 1558 daAuts
  Lair:4: 1543 daAuts
  Lair:2: 1526 daAuts
  Lair:5: 1520 daAuts
     D:4: 1420 daAuts
     D:8: 1298 daAuts
     D:9: 1248 daAuts
  Lair:3: 1235 daAuts
  Lair:1: 1227 daAuts
     D:3: 1127 daAuts
    D:11: 1125 daAuts
     D:1: 937 daAuts
     D:7: 886 daAuts
    D:15: 877 daAuts
